 Dungeon Crawl Stone Soup version 0.25-a0-1119-g28b6fd0c3b (webtiles) character file.

Game seed: 8932747263834474977, levelgen mode: deterministic

22 HoaS the Skirmisher (level 2, 0/30 HPs)
             Began as a Gargoyle Berserker on May 17, 2020.
             Was a Follower of Trog.
             Slain by a rat (1 damage)
             ... on level 1 of the Dungeon.
             The game lasted 00:00:56 (410 turns).

HoaS the Skirmisher (Gargoyle Berserker)             Turns: 410, Time: 00:00:57

Health: 0/30       AC:  4    Str: 20    XL:     2   Next: 91%
Magic:  2/2        EV: 12    Int:  7    God:    Trog [*.....]
Gold:   14         SH:  0    Dex:  9    Spells: 1/1 levels left

rFire    . . .     SeeInvis .     - Unarmed
rCold    . . .     Gourm    .   (no shield)
rNeg     + . .     Faith    .   a - +0 animal skin
rPois    ∞         Spirit   .   (no helmet)
rElec    +         Reflect  .   (no cloak)
rCorr    .         Harm     .   (no gloves)
MR       .....                  (no boots)
Stlth    ..........             (no amulet)
HPRegen  0.10/turn              (no ring)
MPRegen  0.08/turn              (no ring)

@: berserking (expiring), very quick
A: negative energy resistance 1, electricity resistance, unbreathing,
petrification resistance, rot immunity, AC +2
a: Berserk, Renounce Religion


You were on level 1 of the Dungeon.
You worshipped Trog.
Trog was aware of your devotion.
You were not hungry.

You visited 1 branch of the dungeon, and saw 1 of its levels.

You collected 14 gold pieces.

Inventory:

Armour
 a - a +0 animal skin (worn)
Jewellery
 d - a cursed ring of stealth {unknown}
Potions
 c - a potion of curing {unknown}
 e - a potion of heal wounds {unknown}
Comestibles
 b - 2 rations


   Skills:
 + Level 3.7 Fighting
 - Level 2.1 Armour
 - Level 1.5 Dodging
 * Level 3.7 Unarmed Combat


You had one spell level left.
You didn't know any spells.
Your spell library was empty.

Dungeon Overview and Level Annotations

Branches:
Dungeon (1/15)

Altars:


Innate Abilities, Weirdness & Mutations

You are resistant to torment.
Your stone body is resilient. (AC +2)
You are immune to poison.
You resist negative energy. (rN+)
You are resistant to electric shocks. (rElec)
You can survive without breathing.
You are immune to petrification.
You are immune to rotting.


Message History

The kobold closely misses you. The rat bites you.
* * * LOW HITPOINT WARNING * * *
Things that are here:
a +0 club; a +0 whip; a hobgoblin corpse You hit the kobold.
You kill the kobold!
Trog accepts your kill. The rat barely misses you.
The kobold hits you but does no damage.
Found 13 arrows.
Found a stone staircase leading down.
Things that are here:
a +0 short sword; 2 stones; a kobold corpse You punch the kobold!
You kill the kobold!
Trog accepts your kill. The rat closely misses you.
You closely miss the rat. The rat closely misses you.
You closely miss the rat. You barely miss the rat. The rat bites you.
You die...

##.............
#..............
#..............
#...........(..
#..............
#..............
#.....)(.>....
#...r@# #####)# ##
###(### .##
#.....###### ..####.
#........... .......
#.....#######.....#
#.......####...#
#.....#..#...###♣#♣#
##.#####...###......


You could see a rat.

Vanquished Creatures
  A gnoll (D:1)
  An ooze (D:1)
  A giant cockroach (D:1)
  A hobgoblin (D:1)
  2 kobolds (D:1)
  A bat (D:1)
  A rat (D:1)
8 creatures vanquished.

Notes
Turn   | Place    | Note
-------+----------+-------------------------------------------
     0 | D:1      | HoaS the Gargoyle Berserker began the quest for the Orb.
     0 | D:1      | Reached XP level 1. HP: 14/14 MP: 1/1
   390 | D:1      | Reached XP level 2. HP: 13/19 MP: 2/2
   400 | D:1      | HP: 1/30 [giant cockroach (2)]
   410 | D:1      | Slain by a rat

Illustrated notes

Levels and vault maps discovered:
D:1:      minmay_arrival_plants_in_alcoves, layout_rooms

Action                   || total
-------------------------++-------
Melee: Unarmed           ||    44
Invok: Berserk           ||     2
Armor: Animal skin       ||    10
Dodge: Dodged            ||    26

Table legend:
 A = Non-vault XP
 B = Vault XP
 C = Vault XP percentage of total XP
 D = Non-vault monster count
 E = Vault monster count
 F = Vault count percentage of total count
                 A         B        C        D         E       F
            +---------+---------+-------+---------+---------+-------
      Total |      32 |       0 |   0.0 |       8 |       0 |   0.0
            +---------+---------+-------+---------+---------+-------
        D:1 |      32 |       0 |   0.0 |       8 |       0 |   0.0
            +---------+---------+-------+---------+---------+-------
